 Dungeon Crawl Stone Soup version 0.23-a0-54-gae6112e (console) character file.

16547 nht the Spear-Bearer (level 12, -9/84 HPs)
             Began as a Demonspawn Assassin on Aug 8, 2018.
             Mangled by a titanic slime creature (93 damage)
             ... on level 12 of the Dungeon.
             The game lasted 00:29:33 (11227 turns).

nht the Spear-Bearer (Demonspawn Assassin)         Turns: 11227, Time: 00:29:34

Health: -9/84      AC: 10    Str: 13    XL:     12   Next: 11%
Magic:  18/18      EV: 12    Int: 18    God:    Xom [...*..]
Gold:   574        SH:  7    Dex: 15    Spells: 11/11 levels left

rFire    + + +     SeeInvis +   P - +3 staff {rElec rF++ rC++ MR++ AC+5}
rCold    + + .     Gourm    .   o - +2 buckler
rNeg     . . .     Faith    .   L - +1 troll leather armour
rPois    .         Spirit   .   (helmet restricted)
rElec    +         Reflect  +   a - +1 cloak
rCorr    .         Harm     .   (no gloves)
MR       ++...     Clarity  +   (no boots)
Stlth    ++........             t - +2 amulet of reflection
HPRegen  0.64/turn              U - ring of protection from fire
MPRegen  0.16/turn              y - ring of see invisible

@: no status effects
A: antennae 2, claws 2, talons 2, blurry vision 1, clarity, deformed body, fire
resistance 1, strong 1
a: Renounce Religion


You were on level 12 of the Dungeon.
You worshipped Xom.
You were a favourite toy of Xom.
You were hungry.

You visited 1 branch of the dungeon, and saw 12 of its levels.

You collected 574 gold pieces.

Inventory:

Hand Weapons
 b - a +0 blowgun
 c - the +5 morningstar of the Last Realms {speed, *Slow rElec rN+}
   (You found it on level 6 of the Dungeon)

   Attacks with this weapon are significantly faster.
   It insulates you from electricity.
   It protects you from negative energy.
   It may slow you when you take damage.
 d - the cursed +0 whip "Tuugyi Mise" {flame, Dex+2, unknown}
   (You took it off a wizard on level 11 of the Dungeon)

   It has been specially enchanted to burn those struck by it, causing extra
   injury to most foes and up to half again as much damage against particularly
   susceptible opponents.
   It affects your dexterity (+2).
   It has a curse placed upon it.
 i - a +1 dagger of venom
 A - the +12 trident of Spite {antimagic, +Inv}
   (You found it on level 4 of the Dungeon)

   It reduces the magical energy of the wielder, and disrupts the spells and
   magical abilities of those hit.
   Natural abilities and divine invocations are not affected.
   It lets you turn invisible.
 P - the +3 Elemental Staff (weapon) {rElec rF++ rC++ MR++ AC+5}
   (Xom gifted it to you on level 11 of the Dungeon)

   It affects your AC (+5).
   It greatly protects you from fire.
   It greatly protects you from cold.
   It insulates you from electricity.
   It affects your resistance to hostile enchantments.
Missiles
 e - 76 poisoned needles
 f - 2 curare-tipped needles
 u - 6 tomahawks (quivered)
Armour
 a - a +1 cloak (worn)
 o - a +2 buckler (worn)
 s - a +2 ring mail of cold resistance
 B - a +2 robe of the Archmagi
 F - a +0 chain mail of poison resistance
 G - the +3 robe of Clouds {+Fly rElec}
   (You found it on level 8 of the Dungeon)

   It insulates you from electricity.
   It lets you fly.
 L - a +1 troll leather armour (worn)
 Q - a scarf of cloud immunity
Magical Staves
 R - an uncursed staff of poison {unknown}
 S - an uncursed staff of death {unknown}
Jewellery
 t - a +2 amulet of reflection (around neck)
 y - a ring of see invisible (right claw)
 U - a ring of protection from fire (left claw)
Wands
 q - a wand of polymorph (8)
 J - a wand of flame (44)
Scrolls
 k - 2 scrolls of brand weapon
 p - 2 scrolls of amnesia
 w - a scroll of enchant armour
 x - 2 scrolls of fog
 C - 2 scrolls of remove curse
 D - a scroll of teleportation
 H - a scroll of enchant weapon
 M - 2 scrolls of identify
 N - a scroll of summoning
Potions
 h - 2 potions of cancellation
 j - a potion of haste
 l - a potion of magic
 r - a potion of berserk rage
 v - 3 potions of flight
 z - 4 potions of curing
 E - a potion of heal wounds
 I - a potion of brilliance
 K - a potion of might
Miscellaneous
 m - a sack of spiders
Comestibles
 g - 21 rations


   Skills:
 - Level 4.4 Fighting
 - Level 2.4 Short Blades
 - Level 14.0 Polearms
 + Level 2.6(9.7) Staves
 - Level 2.7 Throwing
 - Level 2.6 Armour
 - Level 2.9 Dodging
 - Level 3.6 Stealth
 - Level 4.3 Unarmed Combat
 + Level 8.0 Evocations


You had 11 spell levels left.
You didn't know any spells.
Your spell library was empty.

Dungeon Overview and Level Annotations

Branches:
Dungeon (12/15)            Temple (0/1) D:7            Lair (0/6) D:11
    Orc (0/2) D:9

Altars:
Dithmenos
Gozag
Okawaru
Qazlal
Sif Muna
Trog
Xom
The Shining One

Shops:
D:7 (   D:9 :   D:10 }

Annotations:
D:11 exclusion: door


Innate Abilities, Weirdness & Mutations

You have a pair of antennae on your head.
You have very sharp fingernails.
You have razor-sharp toenails.
Your flesh is heat resistant. (rF+)
Scrolls take you a little longer to read.
You possess an exceptional clarity of mind.
Armour fits poorly on your strangely shaped body.
Your muscles are strong. (Str +2)


Message History

The large slime creature barely misses you.
Two slime creatures merge to form an enormous slime creature.
You hit the enormous slime creature.
You electrocute the enormous slime creature.
The enormous slime creature is moderately wounded.
Two slime creatures merge to form a titanic slime creature.
Your worker ant bites the titanic slime creature.
You sock the titanic slime creature!
You electrocute the titanic slime creature.
The titanic slime creature is heavily wounded.
Your redback bites the titanic slime creature.
You hit the titanic slime creature but do no damage.
The titanic slime creature is heavily wounded.
Your worker ant bites the titanic slime creature.
The titanic slime creature looks even sicker.
Your worker ant poisons the titanic slime creature!
Your redback bites the titanic slime creature!
The titanic slime creature hits you!!!!
Ouch! That really hurt!
You die... ███████████████████████ ....................... ................s█ ███████████████a@█ █sJ█

█..█
█..█
█..█ █
█..█ .
..$. .
..... .
......J


You could see a titanic slime creature, 2 friendly redbacks and a friendly
worker ant.

Vanquished Creatures
  Erolcha (D:9)
  A two-headed ogre (D:11)
  An unseen horror (shapeshifter) (D:11)
  A deep troll (D:11)
  A wizard (D:11)
  A wolf spider (shapeshifter) (D:11)
  An ugly thing (D:11)
  A flayed ghost (D:11)
  A centaur skeleton (D:10)
  3 large abominations
  5 trolls
  A hippogriff (D:8)
  4 slime creatures
  A vampire (D:11)
  A shadow (D:11)
  A wraith (D:12)
  10 yaks
  A wyvern (D:9)
  A steam dragon (D:11)
  A hungry ghost (D:11)
  An acid dragon (D:11)
  7 small abominations (D:11)
  4 sky beasts
  2 water moccasins
  A black bear (D:9)
  2 ice beasts
  2 orc warriors (D:9)
  A phantom (D:11)
  2 ogres
  2 eyes of draining (D:6)
  11 killer bees
  6 centaurs
  2 crocodiles
  A big kobold (D:8)
  3 bullfrogs
  A water moccasin zombie (D:8)
  2 scorpions (D:11)
  5 wights (D:4)
  3 howler monkeys (D:10)
  2 electric eels (D:11)
  2 crimson imps
  7 orc priests
  3 centaur zombies
  4 jellies (D:11)
  7 hounds
  5 orc wizards
  A bullfrog skeleton (D:12)
  2 iguanas
  6 worker ants
  A hound skeleton (D:8)
  A howler monkey zombie (D:5)
  4 worker ant zombies
  8 gnolls
  13 adders
  4 shadow imps
  7 oozes
  2 adder skeletons
  3 worms
  5 leopard geckos
  40 orcs
  5 ball pythons
  5 bats
  3 giant cockroaches
  6 goblins
  8 hobgoblins
  2 jackals (D:7)
  11 kobolds
  4 quokkas
  6 frilled lizards
  6 rats
279 creatures vanquished.

Vanquished Creatures (collateral kills)
  A gargoyle (D:11)
  3 trolls (D:11)
  A slime creature (D:11)
  2 yaks
  A human (D:9)
  A large abomination (D:11)
  A sky beast (D:11)
  3 killer bees
  A centaur zombie (D:9)
  A jelly (D:9)
  3 orcs (D:9)
18 creatures vanquished.

Vanquished Creatures (others)
  An ugly thing (D:9)
  A warg (D:9)
  A centaur (D:9)
  3 killer bees
  A howler monkey zombie (D:10)
  A shadow imp (D:11)
8 creatures vanquished.

Grand Total: 305 creatures vanquished

Notes
Turn   | Place    | Note
-------+----------+-------------------------------------------
     0 | D:1      | nht the Demonspawn Assassin began the quest for the Orb.
     0 | D:1      | Reached XP level 1. HP: 16/16 MP: 1/1
   345 | D:1      | Gained mutation: You have sharp fingernails. [demonic ancestry]
   345 | D:1      | Reached XP level 2. HP: 16/22 MP: 2/2
   564 | D:1      | You fall through a shaft!
   633 | D:2      | Reached XP level 3. HP: 14/27 MP: 3/3
   836 | D:2      | Reached skill level 1 in Unarmed Combat
  1459 | D:2      | Gained mutation: You have very sharp fingernails. [demonic ancestry]
  1459 | D:2      | Reached XP level 4. HP: 33/33 MP: 4/4
  1657 | D:3      | Found a shimmering altar of Xom.
  2252 | D:3      | Became a worshipper of Xom of Malevolent Giggling
  2328 | D:4      | Reached XP level 5. HP: 37/38 MP: 5/5
  2347 | D:4      | XOM: harmless Tmut miscast
  2522 | D:4      | Got a crystal trident
  2592 | D:4      | Found a stormy altar of Qazlal.
  2598 | D:4      | XOM: divination: magic mapping
  2622 | D:4      | XOM: divination: detect creatures
  2626 | D:4      | XOM: butterfly on damage
  2883 | D:4      | Identified the +12 trident of Spite {antimagic, +Inv} (You found it on level 4 of the Dungeon)
  2924 | D:4      | XOM: potion effect (might)
  2925 | D:4      | XOM: potion effect (haste)
  2927 | D:4      | XOM: summons 2 hostile demons
  2933 | D:4      | Reached skill level 1 in Polearms
  2933 | D:4      | Gained mutation: You have sharp toenails. [demonic ancestry]
  2933 | D:4      | Reached XP level 6. HP: 44/44 MP: 2/6
  2939 | D:4      | Reached skill level 2 in Polearms
  3224 | D:5      | Entered Level 5 of the Dungeon
  3249 | D:5      | Reached skill level 3 in Polearms
  3254 | D:5      | XOM: enchant monster (good)
  3371 | D:5      | Reached XP level 7. HP: 41/50 MP: 2/7
  3471 | D:5      | Reached skill level 4 in Polearms
  3475 | D:5      | XOM: medium Necr miscast
  3707 | D:5      | XOM: summons 1 hostile shadow creature
  3777 | D:5      | Reached skill level 1 in Evocations
  4075 | D:6      | Got a twisted morningstar
  4191 | D:6      | Reached skill level 5 in Polearms
  4298 | D:6      | XOM: butterfly on damage
  4530 | D:6      | Found a bloodstained altar of Trog.
  4539 | D:6      | Gained mutation: Your flesh is heat resistant. (rF+) [demonic ancestry]
  4539 | D:6      | Reached XP level 8. HP: 37/56 MP: 0/10
  4601 | D:6      | Found an opulent altar of Gozag.
  4685 | D:6      | Found a deep blue altar of Sif Muna.
  4702 | D:6      | Reached skill level 6 in Polearms
  4706 | D:6      | XOM: give mutations
  4706 | D:6      | Gained mutation: Armour fits poorly on your strangely shaped body. [Xom's mischief]
  4706 | D:6      | Gained mutation: You are clumsy. (Dex -2) [Xom's mischief]
  4709 | D:6      | XOM: polymorph adder -> hound
  4712 | D:6      | XOM: harmless Chrm miscast
  4850 | D:6      | XOM: mild Necr miscast
  4968 | D:7      | Found Fimuc's Weapon Shoppe.
  4968 | D:7      | Found a staircase to the Ecumenical Temple.
  4968 | D:7      | XOM: 3-stop teleportation journey
  5142 | D:7      | Identified the +5 morningstar of the Last Realms {speed, *Slow rElec rN+} (You found it on level 6 of the Dungeon)
  5152 | D:7      | XOM: cloud trail
  5182 | D:7      | Reached skill level 7 in Polearms
  5353 | D:7      | XOM: silly message
  5538 | D:8      | Found an iron altar of Okawaru.
  5579 | D:8      | Found a shadowy altar of Dithmenos.
  5631 | D:8      | Found the +3 robe of Clouds {+Fly rElec}
  5788 | D:8      | XOM: summons friendly crimson imp
  5794 | D:8      | Reached skill level 5 in Evocations
  5794 | D:8      | Gained mutation: You have a pair of small antennae on your head. [demonic ancestry]
  5794 | D:8      | Reached XP level 9. HP: 60/61 MP: 4/12
  5840 | D:8      | Reached skill level 8 in Polearms
  6062 | D:8      | Found a glowing golden altar of the Shining One.
  6182 | D:9      | Noticed Erolcha
  6195 | D:9      | Killed Erolcha
  6200 | D:9      | XOM: enchant monster (bad)
  6202 | D:9      | Noticed a white ugly thing
  6207 | D:9      | XOM: scenery: create altars
  6236 | D:9      | Reached skill level 9 in Polearms
  6507 | D:9      | XOM: enchant monster (bad)
  6547 | D:8      | XOM: give mutations
  6547 | D:8      | Gained mutation: Your muscles are strong. (Str +2) [Xom's mischief]
  6547 | D:8      | Lost mutation: You are clumsy. (Dex -2) [Xom's mischief]
  6547 | D:8      | Gained mutation: Scrolls take you a little longer to read. [Xom's mischief]
  6556 | D:8      | HP: 3/61 [poisoned by a killer bee]
  6723 | D:8      | XOM: torment (19/61 hp)
  6726 | D:8      | XOM: harmless Chrm miscast
  6937 | D:9      | XOM: confusion (+ monsters)
  6942 | D:9      | XOM: chaos cloud
  6968 | D:8      | XOM: medium Hex miscast
  7190 | D:9      | XOM: butterfly on damage
  7217 | D:9      | XOM: blink monster(s)
  7234 | D:9      | Found a staircase to the Orcish Mines.
  7237 | D:9      | Reached skill level 10 in Polearms
  7338 | D:9      | Found Ytileume's Book Boutique.
  7357 | D:9      | Gained mutation: You have a pair of antennae on your head. [demonic ancestry]
  7357 | D:9      | Reached XP level 10. HP: 43/67 MP: 5/15
  7594 | D:9      | XOM: chaos upgrade
  7821 | D:10     | Entered Level 10 of the Dungeon
  8074 | D:10     | XOM: silly message
  8097 | D:10     | XOM: harmless Tmut miscast
  8292 | D:10     | XOM: noise
  8318 | D:10     | XOM: confuse monster(s)
  8333 | D:10     | XOM: enchant monster (good)
  8335 | D:10     | Reached skill level 11 in Polearms
  8355 | D:10     | XOM: mild Pois miscast
  8590 | D:10     | XOM: give mutation
  8590 | D:10     | Gained mutation: You possess an exceptional clarity of mind. [Xom's mischief]
  8713 | D:10     | Found Yreoca's Gadget Shoppe.
  8757 | D:10     | Found a stormy altar of Qazlal.
  8766 | D:10     | XOM: medium Tloc miscast
  9068 | D:11     | XOM: noise
  9070 | D:11     | Noticed a green ugly thing
  9073 | D:11     | XOM: medium Fire miscast
  9116 | D:11     | Found a staircase to the Lair.
  9163 | D:11     | XOM: cleaving
  9164 | D:11     | XOM: repel stairs
  9227 | D:11     | XOM: mild Summ miscast
  9303 | D:11     | Noticed a deep troll
  9303 | D:11     | Noticed a wolf spider
  9303 | D:11     | a deep troll changed into a wolf spider
  9303 | D:11     | XOM: polymorph deep troll -> wolf spider
  9308 | D:11     | Killed a wolf spider
  9308 | D:11     | Reached skill level 12 in Polearms
  9312 | D:11     | XOM: polymorph electric eel -> bullfrog
  9334 | D:11     | Noticed an unseen horror
  9340 | D:11     | an unseen horror changed into a black bear
  9345 | D:11     | Noticed an unseen horror
  9345 | D:11     | a wind drake changed into an unseen horror
  9348 | D:11     | XOM: cast spell 'Summon Horrible Things'
  9353 | D:11     | Killed an unseen horror
  9380 | D:11     | Noticed a deep troll
  9386 | D:11     | Killed a deep troll
  9386 | D:11     | Reached XP level 11. HP: 20/72 MP: 5/16
  9391 | D:11     | XOM: enchant monster (good)
  9565 | D:11     | XOM: scenery: 1 doors open
  9566 | D:11     | Noticed a wizard
  9571 | D:10     | Reached skill level 13 in Polearms
  9665 | D:10     | XOM: harmless Ice miscast
  9833 | D:11     | XOM: potion effect (might)
  9856 | D:11     | XOM: potion effect (berserk rage)
  9888 | D:11     | Noticed a two-headed ogre
  9890 | D:11     | XOM: potion effect (invisibility)
  9921 | D:11     | Killed a green ugly thing
  9927 | D:11     | Killed a two-headed ogre
  9945 | D:11     | XOM: scenery: create altars
  9993 | D:11     | XOM: 2-stop teleportation journey
 10048 | D:11     | XOM: summons friendly crimson imp
 10120 | D:11     | XOM: confuse monster(s)
 10121 | D:11     | XOM: noise
 10121 | D:11     | Reached skill level 14 in Polearms
 10130 | D:11     | XOM: scenery: 1 doors close
 10136 | D:11     | Noticed a flayed ghost
 10136 | D:11     | a large abomination changed into a flayed ghost
 10136 | D:11     | XOM: polymorph large abomination -> flayed ghost
 10239 | D:12     | Reached skill level 1 in Dodging
 10241 | D:12     | Reached skill level 1 in Armour
 10311 | D:12     | XOM: scenery: create altars
 10359 | D:12     | Found a shimmering altar of Xom.
 10359 | D:12     | Found a shimmering altar of Xom.
 10360 | D:12     | Found a shimmering altar of Xom.
 10375 | D:12     | XOM: cleaving
 10381 | D:12     | XOM: confuse monster(s)
 10440 | D:11     | XOM: harmless Ice miscast
 10565 | D:11     | XOM: potion effect (agility)
 10596 | D:11     | XOM: harmless Conj miscast
 10662 | D:11     | XOM: potion effect (haste)
 10665 | D:11     | XOM: silly message
 10688 | D:11     | XOM: divination: detect items
 10800 | D:11     | Noticed an iron troll
 10820 | D:11     | XOM: confuse monster(s)
 10849 | D:11     | XOM: god gift: +3 Elemental Staff {rElec rF++ rC++ MR++ AC+5}
 10850 | D:11     | Found the +3 Elemental Staff {rElec rF++ rC++ MR++ AC+5}
 10866 | D:11     | XOM: summons friendly iron imp
 10872 | D:11     | Killed a flayed ghost
 10881 | D:11     | Reached skill level 1 in Staves
 10903 | D:11     | Gained mutation: You have razor-sharp toenails. [demonic ancestry]
 10903 | D:11     | Reached XP level 12. HP: 74/84 MP: 12/17
 10968 | D:11     | Got an ancient whip {flame}
 11227 | D:12     | Mangled by a titanic slime creature

Vault maps used:
D:1:      ncdulo_halloftheorcs, minmay_fountain_box
D:2:      first_ration
D:3:      lemuel_crystal_altar
D:4:      nicolae_overflow_hidden_temple, serial_glass, glass_columns_a,
          glass_columns_b
D:6:      lemuel_crystal_altar, kennysheep_mini_moat, trog_eyes_of_draining
D:7:      minmay_temple_entry_purple_smoke, serial_shops,
          nicolae_shop_statue_plus
D:8:      okawaru_trees_1, nicolae_tso_swordbearing_angel, grunt_dithmenos_smoke
D:9:      erik_orc_4, serial_shops, nicolae_shop_waterfront, uniq_erolcha
D:10:     serial_shops, shop, basic_altar, uniq_joseph
D:11:     lemuel_troll_bridge, lair_entry_dummy, hangedman_little_slice_of_home,
          laboratory
D:12:     gammafunk_cloud_chamber, gammafunk_ghost_arena, xom_redecorated

Skill      XL: |  1  2  3  4  5  6  7  8  9 10 11 12 |
---------------+-------------------------------------+-----
Short Blades   | 2 |  2.4
Throwing       | 2 |  2.7
Unarmed Combat | 1 3 4 |  4.3
Polearms       | 1 3 5 7 10 12 14 | 14.0
Evocations     | 2 5 7 8 |  8.0
Fighting       | 4 |  4.4
Dodging        | 2 |  2.9
Armour         | 2 |  2.6
Staves         | 1 2 |  2.6
Stealth        | |  3.6

Action                   |  1- 3 |  4- 6 |  7- 9 | 10-12 || total
-------------------------+-------+-------+-------+-------++-------
Melee: Dagger            |    22 |       |       |       ||    22
       Mace              |    81 |   120 |       |       ||   201
       Trident           |       |    22 |   232 |   331 ||   585
       Kick              |       |     3 |    36 |    83 ||   122
       Staff             |       |       |       |    52 ||    52
 Abil: Evoke Invisibilit |       |       |     1 |     5 ||     6
Evoke: Wand              |       |       |     8 |    41 ||    49
       Sack of spiders   |       |       |       |     3 ||     3
  Use: Scroll            |     3 |    10 |     5 |     5 ||    23
       Potion            |       |     4 |     1 |     5 ||    10
 Stab: Sleeping          |     6 |    13 |    13 |     8 ||    40
       Paralysed         |       |     2 |       |       ||     2
       Petrified         |       |       |     4 |       ||     4
       Invisible         |       |       |     2 |    10 ||    12
       Distracted        |       |       |       |     2 ||     2
       Confused          |       |       |       |     1 ||     1
  Eat: Chunk             |     2 |     4 |     9 |    13 ||    28
       Ration            |       |     1 |     1 |       ||     2
Armor: Robe              |    31 |    48 |    25 |    11 ||   115
       Troll leather arm |       |       |       |    27 ||    27
Dodge: Dodged            |    52 |    60 |    54 |    82 ||   248
Block: Buckler           |    14 |    45 |    39 |    72 ||   170
       Reflection        |       |       |     1 |     4 ||     5

Table legend:
 A = Spawn XP
 B = Non-spawn XP
 C = Spawn XP percentage of total XP
 D = Spawn monster count
 E = Non-spawn monster count
 F = Spawn count percentage of total count
 G = Total turns spent on level
                    A         B        C        D         E        F      G
               +---------+---------+-------+---------+---------+-------+---------
         Total |       0 |   23639 |   0.0 |       0 |     299 |   0.0 | 11227
               +---------+---------+-------+---------+---------+-------+---------
           D:1 |       0 |      24 |   0.0 |       0 |      15 |   0.0 |   861
           D:2 |       0 |      74 |   0.0 |       0 |      21 |   0.0 |   681
           D:3 |       0 |      85 |   0.0 |       0 |      23 |   0.0 |   927
           D:4 |       0 |     403 |   0.0 |       0 |      16 |   0.0 |   755
           D:5 |       0 |     331 |   0.0 |       0 |      14 |   0.0 |   785
           D:6 |       0 |     937 |   0.0 |       0 |      22 |   0.0 |   889
           D:7 |       0 |     493 |   0.0 |       0 |      15 |   0.0 |   610
           D:8 |       0 |     889 |   0.0 |       0 |      19 |   0.0 |  1495
           D:9 |       0 |    2683 |   0.0 |       0 |      37 |   0.0 |   818
          D:10 |       0 |    2484 |   0.0 |       0 |      19 |   0.0 |  1627
          D:11 |       0 |   13446 |   0.0 |       0 |      89 |   0.0 |  1478
          D:12 |       0 |    1790 |   0.0 |       0 |       9 |   0.0 |   301
               +---------+---------+-------+---------+---------+-------+---------
